Mandevil, lawful female human Samurai ---------- |.@......)# |..M....)| # ---------------- |..[.)....#%%### `|..............| ------|--- ##------------- #-............<.| ##-`.........`.######|..............| #|.....`.....| # #---.------------ |...-----...| ##### |...| {.....| # # |..`|{.{|`... # ##` |...|.{ |...| # # |...--- -...| ---|----### |.... ....| |......|############ |`... ...`| .......|) ###------.------- ------ ------ |.....))))## .............| --------# # |............| ##-............| |..>.........| -------------- Mandevil the Kunoichi Experience level: 7 Strength: 15 Dexterity: 18 Constitution: 18 Intelligence: 9 Wisdom: 10 Charisma: 7 Health: 0(96) Energy: 40(40) Def: 5 Gold: 560 Moves: 3206 Dungeon seed: FNm6EJ6yjaNE7Ee6 Game ID: Mandevil_1561478996 Your Inventory: Coins $ - 560 gold pieces Amulets I - an uncursed amulet of ESP Weapons a - the blessed rustproof +2 Excalibur (weapon in hand) b - an uncursed +0 yumi c - an uncursed +0 wakizashi d - 27 uncursed +0 ya (in quiver) H - 5 uncursed +0 arrows N - an uncursed +0 orcish dagger O - a cursed -2 orcish dagger P - 7 cursed -2 arrows Q - an uncursed rusty +0 katana S - 4 uncursed +0 elven arrows Armor e - a cursed -1 elven leather helm r - an uncursed +0 elven mithril-coat (being worn) y - a cursed -1 elven mithril-coat z - an uncursed +0 elven leather helm Y - an uncursed +0 elven shield Comestibles F - an uncursed egg Spellbooks J - an uncursed spellbook of blank paper K - a cursed spellbook of extra healing Rings C - an uncursed ring of slow digestion Wands n - an uncursed wand of magic missile (0:0) x - an uncursed wand of magic missile (0:3) Tools f - an uncursed oil lamp (0:1273) h - an uncursed bag of holding k - an uncursed skeleton key m - an uncursed magic lamp L - 4 cursed tallow candles (0:200) Gems q - an uncursed worthless piece of black glass Contents of the bag of holding: 622 gold pieces 2 uncursed eggs 2 uncursed scrolls of identify a cursed scroll of identify a blessed scroll of magic mapping an uncursed scroll of punishment an uncursed scroll of remove curse an uncursed scroll of teleportation a cursed potion of blindness a cursed potion of monster detection an uncursed potion of object detection Spells and supernatural/magical abilities: Name Level Category Cost Memory B - cure blindness 2 healing 2000pw 96% W - pray for help -- divine ? -- Your skills at the end: Fighting Skills martial arts [Basic] wands [Basic] Weapon Skills short sword [Basic] long sword [Expert] bow [Basic] Spellcasting Skills Final Attributes: You had sinned. You were sleep resistant. You were level-drain resistant. You were telepathic. You were slow. You were unlucky. You last prayed 151 turns ago. Amaterasu Omikami was noncommittal. You are dead. Vanquished creatures: a wood golem 3 wolves an ice vortex 2 gnome kings a werewolf 3 Green-elves a housecat 2 dust vortices a gnome mummy 2 bugbears 2 imps a water nymph a rock piercer 2 ponies a fog cloud a yellow light 2 gnome lords a straw golem a giant ant a little dog 2 floating eyes a kobold shaman a hill orc 3 centipedes a werejackal 3 iguanas 2 acid blobs 9 manes a large kobold 4 hobgoblins 3 giant rats a cave spider a brown mold 5 gnomes 4 jackals 2 foxes a kobold 3 goblins 9 sewer rats 3 grid bugs 2 bats 2 lichens a kobold zombie 3 newts 97 creatures vanquished. Voluntary challenges: You used a wielded weapon 287 times, starting on turn 138. You read items or engraved 5 times, starting on turn 283. You never genocided any monsters. You never polymorphed an object. You never changed form. You used no wishes. You never split a pudding. You never wrote Elbereth's name. You violated your moral code, losing 40 points of alignment, starting on turn 3076. Dungeon overview: The Dungeons of Doom: levels 1 to 9 Level 1 a fountain a long staircase Level 2 a general store, a fountain, a sink Level 3 some fountains a long staircase Level 4 a general store, a fountain, a sink Level 5 many fountains, a sink Level 6 a fountain Level 7 an altar to Susanowo, a fountain Level 8 a fountain Level 9 <- You were here many fountains History has recorded: On T:1 you entered the Dungeons of Doom to retrieve the Amulet of Yendor! On T:220 you reached level 2 of The Dungeons of Doom. On T:243 you advanced to experience level 2. On T:509 you reached level 3 of The Dungeons of Doom. On T:693 you advanced to experience level 3. On T:710 you reached level 4 of The Dungeons of Doom. On T:1041 you reached level 5 of The Dungeons of Doom. On T:1095 you reached level 8 of The Dungeons of Doom. On T:1117 you advanced to experience level 4. On T:1210 you reached level 7 of The Dungeons of Doom. On T:1260 you reached level 6 of The Dungeons of Doom. On T:1602 you advanced to experience level 5. On T:2123 you advanced to experience level 6. On T:2906 you reached level 9 of The Dungeons of Doom. On T:2931 you advanced to experience level 7. Score breakdown: Gold: 1182 (10453 points) Experience: 7 levels (13645 points) Exploration: 9 levels ( 18.75%) (12377 points) Discoveries: 9 items ( 3.60%) ( 5692 points) Valuables value: (no points given unless you survive) Artifact value: 4000 (12253 points) Variety of kills: 44 monsters ( 11.58%) (10208 points) Turncount: 3206 turns ( -698 points) Survival: died (score multiplied by 80%) Total score: 51144 Latest messages: [2 turns] The human mummy is hit by a dart! You hear some noises in the distance. The human mummy hits! (2x) [2 turns] You hear some noises in the distance. The human mummy hits! (2x) [2 turns] You hear some noises in the distance. The human mummy hits! (2x) [2 turns] You are blasted by Excalibur's power! You are now wielding your Excalibur. You hear some noises in the distance. The human mummy hits! (4x) [2 turns] You write in the dust with your fingers. You hear some noises in the distance. The human mummy hits! You die... Final status: Sayonara Mandevil the Samurai, killed by a human mummy... You died in The Dungeons of Doom on dungeon level 9 with 51144 points, and 1182 pieces of gold, after 3206 moves. You were level 7 with a maximum of 96 hit points when you died.